 Dungeon Crawl Stone Soup version 0.26-a0-67-g850bfe61e3 (webtiles) character file.

Game seed: 9549780589234281081

81 mortelune the Gusty (level 4, -5/24 HPs)
             Began as a Tengu Air Elementalist on June 12, 2020.
             Slain by Crazy Yiuf
             ... wielding a +4 quarterstaff of chaos
              (6 damage)
             ... on level 2 of the Dungeon.
             The game lasted 00:04:08 (2580 turns).

mortelune the Gusty (Tengu Air Elementalist)        Turns: 2580, Time: 00:04:08

Health: -5/24      AC:  2    Str:  9    XL:     4   Next: 42%
Magic:  2/8        EV: 17    Int: 16    God:
Gold:   130        SH:  0    Dex: 14    Spells: 3/7 levels left

rFire    . . .     SeeInvis .   d - +0 mace
rCold    . . .     Gourm    .   (no shield)
rNeg     . . .     Faith    .   a - +0 robe
rPois    .         Spirit   .   (helmet restricted)
rElec    .         Reflect  .   (no cloak)
rCorr    .         Harm     .   (no gloves)
MR       .....                  (boots unavailable)
Stlth    ++........             (no amulet)
HPRegen  0.08/turn              b - +4 ring of evasion
MPRegen  0.11/turn              (no ring)

@: mighty, about to teleport, berserk cooldown, very slightly contaminated,
slowed, very slow
A: beak, talons 3
a: no special abilities


You were on level 2 of the Dungeon.
You were not hungry.

You visited 1 branch of the dungeon, and saw 4 of its levels.

You collected 130 gold pieces.

Inventory:

Hand Weapons
 d - a +0 mace (weapon)
Armour
 a - a +0 robe (worn)
 m - a cursed +0 robe
Jewellery
 b - a +4 ring of evasion (left hand)
Scrolls
 e - a scroll of enchant armour {unknown}
 g - 2 scrolls of remove curse
 h - a scroll of noise
 i - 2 scrolls of identify
 t - a scroll of teleportation
Potions
 j - a potion of flight {unknown}
 k - 2 potions of heal wounds {unknown}
 l - a potion of mutation {unknown}
Comestibles
 c - 4 rations


   Skills:
 + Level 0.4 Fighting
 + Level 2.7 Dodging
 - Level 2.0 Stealth
 + Level 2.4 Spellcasting
 * Level 3.2 Conjurations
 * Level 5.0 Air Magic


You had 3 spell levels left.
You knew the following spells:

 Your Spells              Type           Power        Failure   Level  Hunger
a - Shock                 Conj/Air       ###.         3%          1    #......
b - Static Discharge      Conj/Air       ###.....     11%         3    ###....

Your spell library contained the following spells:

 Spells                   Type           Power        Failure   Level  Hunger
 Swiftness                Chrm/Air       ##......     11%         2    ###....
 Airstrike                Air            ###.......   24%         4    #####..
 Lightning Bolt           Conj/Air       ###.......   69%         5    ######.


Dungeon Overview and Level Annotations

Branches:
Dungeon (4/15)
 Temple: D:4-7

Altars:
Kikubaaqudgha
Trog

Annotations:
D:2 Crazy Yiuf


Innate Abilities, Weirdness & Mutations

You have a beak for a mouth.
You have claws for feet.


Message History

The spell is quite dangerous to cast (11% risk of failure)!
Continue anyway?
You miscast Static Discharge.
You are very lightly contaminated with residual magic.
Nothing appears to happen.
Crazy Yiuf hits you with a +4 quarterstaff of chaos!
Ouch! That really hurt!
* * * LOW HITPOINT WARNING * * *
A red film seems to cover your vision as you go berserk!
You feel yourself moving faster!
You feel mighty!
You feel a strong urge to attack something.
You feel your anger nearly subside.
You are no longer berserk.
You are exhausted.
You feel yourself slow down.
Crazy Yiuf screams, "East!"
As you read the scroll of teleportation, it crumbles to dust.
You feel strangely unstable.
Crazy Yiuf grits, "Whippet eyeball sing!"
Crazy Yiuf hits you with a +4 quarterstaff of chaos.
You die...

#.# #.#######.##......## #.#
#.#
#..................#######.#
#.#
#.#######.##...............#
#.#
#.........#.......##########
#.#
##############....########
#.# #....##.....#### #.#
#######.......###..... #.#
### ###.#.P#.....##.# #.####
###
#...##g.#g.#@.....##.###.#
#...'.####Pg......##.....#
#)..### ##P#..######..######
### ###### #........
#.####### #.# ### #.# #.#
#.# #.# #.#


You could see Crazy Yiuf.

Vanquished Creatures
  Natasha (D:2)
  An adder skeleton (D:2)
  2 dart slugs
  3 leopard geckos
  3 ball pythons (D:2)
  4 giant cockroaches
  2 goblins (D:1)
  A hobgoblin (D:1)
  4 jackals (D:1)
  5 kobolds
  2 quokkas
  7 bats
  4 frilled lizards
  3 rats
  2 fungi (D:2)
44 creatures vanquished.

Notes
Turn   | Place    | Note
-------+----------+-------------------------------------------
     0 | D:1      | mortelune the Tengu Air Elementalist began the quest for
                  | the Orb.
     0 | D:1      | Reached XP level 1. HP: 10/10 MP: 4/4
   251 | D:1      | Reached XP level 2. HP: 15/15 MP: 4/6
   975 | D:1      | Reached XP level 3. HP: 16/19 MP: 1/7
  1060 | D:1      | Learned a level 3 spell: Static Discharge
  1166 | D:2      | You fall into a shaft and drop 2 floors!
  1186 | D:3      | Noticed a sky beast
  1876 | D:2      | Noticed Natasha
  1880 | D:2      | Killed Natasha
  1880 | D:2      | Reached skill level 5 in Air Magic
  1880 | D:2      | Reached XP level 4. HP: 20/24 MP: 3/8
  2295 | D:2      | Found a bloodstained altar of Trog.
  2416 | D:2      | Found an ancient bone altar of Kikubaaqudgha.
  2565 | D:2      | Found a runed translucent door.
  2566 | D:2      | Noticed Crazy Yiuf
  2572 | D:2      | HP: 1/24 [Crazy Yiuf/+4 quarterstaff of chaos (14)]
  2580 | D:2      | Slain by Crazy Yiuf

Illustrated notes

Levels and vault maps discovered:
D:1:      lightli_arrival_maybe_door_vault, layout_loops_corners
D:2:      layout_loops_ring, bloody_trog, nicolae_overflow_hidden_temple,
          minmay_pentomino_x4, uniq_crazy_yiuf_cottage, uniq_natasha
D:3:      layout_rooms, grunt_temple_overflow_champion_of_chaos, first_ration,
          hex_large, tgw_kikubaaqudgha
D:4:      layout_gridville

Skill      XL: |  1  2  3 |
---------------+----------+-----
Conjurations   | 2 3 |  3.2
Air Magic      | 5 |  5.0
Fighting       | |  0.4
Dodging        | |  2.7
Stealth        | |  2.0
Spellcasting   | |  2.4

Action                   |  1- 3 |  4- 6 || total
-------------------------+-------+-------++-------
Melee: Mace              |    13 |    20 ||    33
       Peck              |     3 |     7 ||    10
       Kick              |     1 |     7 ||     8
 Cast: Shock             |    56 |     8 ||    64
       Static Discharge  |       |     1 ||     1
  Use: Scroll            |     4 |     1 ||     5
  Eat: Chunk             |     4 |     2 ||     6
Armor: Robe              |     8 |       ||     8
Dodge: Dodged            |    38 |     1 ||    39

Table legend:
 A = Non-vault XP
 B = Vault XP
 C = Vault XP percentage of total XP
 D = Non-vault monster count
 E = Vault monster count
 F = Vault count percentage of total count
                 A         B        C        D         E       F
            +---------+---------+-------+---------+---------+-------
      Total |      79 |      38 |  32.5 |      39 |       3 |   7.1
            +---------+---------+-------+---------+---------+-------
        D:1 |      44 |       0 |   0.0 |      24 |       0 |   0.0
        D:2 |      33 |      38 |  53.5 |      14 |       3 |  17.6
        D:4 |       2 |       0 |   0.0 |       1 |       0 |   0.0
            +---------+---------+-------+---------+---------+-------
